 Dungeon Crawl Stone Soup version 0.30-a0-799-g109b55a442 (webtiles) character file.

Game seed: 1361057708031385242

116033 bobo the Fighter (level 17, -2/137 HPs)
             Began as a Human Ice Elementalist on Feb 16, 2023.
             Was the Champion of the Shining One.
             Killed from afar by a swamp worm (19 damage)
             ... with a harpoon shot
             ... on level 4 of the Swamp on Feb 20, 2023.
             The game lasted 01:59:23 (28679 turns).

bobo the Fighter (Human Ice Elementalist)          Turns: 28679, Time: 01:59:24

Health: -2/137     AC: 20    Str:  8    XL:     17   Next: 25%
Magic:  26/26      EV: 18    Int: 24    God:    the Shining One [******]
Gold:   1535       SH:  8    Dex: 16    Spells: 6/28 levels left

rFire   . . .      SeeInvis +    B - +3 Elemental Staff {rElec rF++ rC++ AC+5}
rCold   + + +      Faith    .    U - +2 buckler {reflect}
rNeg    + + +      Spirit   .    f - +2 robe {Archmagi}
rPois   .          Reflect  +    I - +2 helmet {SInv}
rElec   +          Harm     .    V - +2 cloak {rC+}
rCorr   .          Rampage  .    A - +2 pair of gloves
Will    +....      Archmagi +    g - +2 pair of boots
Stlth   +                        i - amulet of magic regeneration
HPRegen 0.42/turn                n - ring "Nikap" {Ice Int+2}
MPRegen 0.60/turn                y - ring of ice

@: marked, glowing
A: deformed body
a: Renounce Religion, Divine Shield, Cleansing Flame, Summon Divine Warrior,
Brand Weapon With Holy Wrath


You were on level 4 of the Swamp.
You worshipped the Shining One.
The Shining One was exalted by your worship.
You visited 5 branches of the dungeon, and saw 25 of its levels.
You also visited: Sewer, Bailey and Ice Cave.

You collected 2195 gold pieces.
You spent 660 gold pieces at shops.

Inventory:

Hand Weapons
 B - the +3 Elemental Staff (weapon) {rElec rF++ rC++ AC+5}
   (You acquired it on level 9 of the Dungeon)

   It enhances your fire, ice, earth and air magic.
   AC:        It affects your AC (+5).
   rF:        It greatly protects you from fire.
   rC:        It greatly protects you from cold.
   rElec:     It insulates you from electricity.
 Y - the +0 staff of Battle
   (You found it on level 15 of the Dungeon)

   It enhances your conjuration magic.
   It summons a battlesphere in combat, with strength depending on Conjurations
   skill.
   Its strikes trigger the battlesphere's blasts.
Armour
 f - a +2 robe of the Archmagi (worn)
 g - a +2 pair of boots (worn)
 A - a +2 pair of gloves (worn)
 I - a +2 helmet of see invisible (worn)
 K - a +0 robe of willpower
 M - a +0 troll leather armour
 S - an orb of guile
 U - a +2 buckler of reflection (worn)
 V - a +2 cloak of cold resistance (worn)
Jewellery
 e - a +5 ring of evasion
 i - an amulet of magic regeneration (around neck)
 n - the ring "Nikap" (left hand) {Ice Int+2}
   (You found it on level 3 of the Dungeon)

   [ring of ice]

   It enhances your ice magic.
   Int:       It affects your intelligence (+2).
   rF:        It makes you vulnerable to fire.
   rC:        It protects you from cold.
 r - an amulet of guardian spirit
 y - a ring of ice (right hand)
 X - a ring of flight
 Z - a +6 ring of strength
Wands
 h - a wand of paralysis (12)
 w - a wand of iceblast (22)
 E - a wand of flame (34)
 P - a wand of mindburst (28)
 Q - a wand of digging (4)
 W - a wand of light (12)
Scrolls
 c - a scroll of enchant weapon
 l - 3 scrolls of magic mapping
 m - 6 scrolls of amnesia
 o - a scroll of enchant armour
 q - 9 scrolls of teleportation
 s - 3 scrolls of brand weapon
 t - 4 scrolls of blinking
 F - 5 scrolls of fog
 G - a scroll of summoning
 H - 2 scrolls of fear
 J - 8 scrolls of identify
 N - 2 scrolls of noise
Potions
 a - 2 potions of resistance
 b - 8 potions of magic
 d - 6 potions of haste
 j - 2 potions of ambrosia
 k - 7 potions of flight
 u - 8 potions of heal wounds
 v - 11 potions of curing
 x - 5 potions of attraction
 z - 5 potions of mutation
 C - a potion of cancellation
 D - 2 potions of berserk rage
 L - 3 potions of brilliance
 R - a potion of might
Miscellaneous
 T - a phial of floods


   Skills:
 + Level 13.3 Fighting
 + Level 9.9 Staves
 - Level 11.1 Dodging
 - Level 2.0 Stealth
 + Level 6.8 Shields
 + Level 6.1 Spellcasting
 - Level 6.0 Conjurations
 - Level 7.4 Summonings
 + Level 4.8 Translocations
 - Level 10.0 Ice Magic
 + Level 9.9 Air Magic
 - Level 7.0 Invocations
 + Level 10.0 Evocations


You had 6 spell levels left.
You knew the following spells:

 Your Spells              Type           Power      Damage    Failure   Level
a - Freeze                Ice            100%       1d10      1%          1
c - Freezing Cloud        Conj/Ice/Air   52%        6-21      8%          5
d - Summon Lightning Spi  Summ/Air       84%        N/A       2%          4
e - Summon Ice Beast      Ice/Summ       100%       N/A       2%          4
s - Frozen Ramparts       Ice            100%       1d16      1%          3
x - Ozocubu's Armour      Ice            100%       N/A       1%          3
z - Blink                 Tloc           90%        N/A       1%          2

Your spell library contained the following spells:

 Spells                   Type           Power      Damage    Failure   Level
 Apportation              Tloc           90%        N/A       1%          1
 Magic Dart               Conj           100%       1d8       1%          1
 Ensorcelled Hibernation  Hex/Ice        100%       N/A       1%          2
 Searing Ray              Conj           100%       2d8       1%          2
 Hailstorm                Conj/Ice       100%       3d20      1%          3
 Airstrike                Air            44%        2d(7-23)  1%          4
 Dazzling Flash           Conj/Hex       64%        N/A       9%          3
 Lightning Bolt           Conj/Air       40%        1d59      11%         5
 Manifold Assault         Tloc           45%        N/A       14%         4
 Scorch                   Fire           32%        2d6       16%         2
 Fulminant Prism          Conj/Hex       16%        3d10      28%         4
 Sticky Flame             Conj/Fire      48%        2d7       28%         4
 Silence                  Hex/Air        31%        N/A       36%         5
 Fireball                 Conj/Fire      24%        3d11      63%         5
 Simulacrum               Ice/Necr       41%        N/A       89%         6
 Agony                    Necr           10%        N/A       95%         5
 Alistair's Intoxication  Tmut/Pois      6%         N/A       95%         5
 Ozocubu's Refrigeration  Ice            56%        4d19      80%         7
 Storm Form               Tmut/Air       31%        N/A       100%        7
 Ignition                 Fire           8%         3d5       100%        8
 Polar Vortex             Ice            56%        N/A       100%        9


Dungeon Overview and Level Annotations

Branches:
Dungeon (15/15)            Temple (1/1) D:6            Lair (4/5) D:10
  Swamp (4/4) Lair:2       Spider (0/4) Lair:3        Slime (0/5) Lair:4
    Orc (0/2) D:9          Vaults (0/5) D:13         Depths (1/4) D:15
  Sewer (visited)          Bailey (visited)           IceCv (visited)

Altars:
Ashenzari
Cheibriados
Elyvilon
Fedhas
Gozag
Kikubaaqudgha
Nemelex Xobeh
Qazlal
Sif Muna
Trog
Uskayaw
Vehumet
Wu Jian
Xom
Yredelemnul
The Shining One
Jiyva

Shops:
D:9 :!

Annotations:
D:9 2 runed translucent doors, demibob's ghost, novice MiBe
D:11 exclusion: orange crystal statue
Swamp:1 Roxanne
Depths:1 Asterion


Innate Abilities, Weirdness & Mutations

Armour fits poorly on your strangely shaped body.


Message History

The will-o-the-wisp is severely damaged.
The foxfire hits you!! The foxfire hits you!
* * * LOW HITPOINT WARNING * * *
The will-o-the-wisp closely misses you.
You hit the will-o-the-wisp but do no damage.
The will-o-the-wisp is severely damaged.
You hit the will-o-the-wisp. You freeze the will-o-the-wisp!
The will-o-the-wisp is almost destroyed.
The will-o-the-wisp barely misses you.
You barely miss the will-o-the-wisp.
The will-o-the-wisp is almost destroyed.
The will-o-the-wisp gestures.
The will-o-the-wisp conjures some foxfire!
Your magical contamination has completely faded away. 2 foxfires come into view.
You barely miss the will-o-the-wisp.
The will-o-the-wisp is almost destroyed.
The foxfire sets off the alarm!
The alarm trap emits a blaring wail!
A sentinel's mark forms upon you. The foxfire hits you.
* * * LOW HITPOINT WARNING * * *
The foxfire hits you!!
* * * LOW HITPOINT WARNING * * *
You hear a hideous shriek!
You hear a chilling moan.
You hear a roar! x3
You hear a deafening roar!
You hear a roar! x4; You hear an angry hiss.
You hear a roar!
You hear a deafening roar! x2; You hear a roar!
You hear a deafening roar! x2; You hear a roar! x2; You hear a deafening roar!
You hear an angry hiss.
You hear a deafening roar!
You hear a roar! x3
You hear a shout! x2
You hit the will-o-the-wisp.
You electrocute the will-o-the-wisp.
You destroy the will-o-the-wisp!
A swamp worm comes into view.
A bunyip comes into view.
The swamp worm fires a harpoon shot at you.
The harpoon shot misses you.
The bunyip moves out of view.
There is a stone staircase leading up here.
The swamp worm fires a harpoon shot at you.
The harpoon shot hits you!!
You die...

♣♣♣♣♣ ♣♣♣♣
♣♣♣..~♣♣♣~~♣♣♣♣♣~
♣♣.~~~.~~.<~...~~.
♣~~~~~~~.[.~~~§...
♣.~~~~~§†.~~§~~.♣
♣♣♣..~~~~~~~~†~~~.♣
♣.○~~~~~~~~~~~~~.~♣
♣♣.§~§...~~~~~~~~.§♣
♣♣♣†~~~~~.~.@...~....♣
♣.~♣♣§~~~.♣♣♣.~....~♣♣
♣.~♣♣.~~~~♣ ~....~~♣♣
♣~.~~.~~.♣♣♣~..~~~~♣
♣..~~.~.....~~~~~~w.
~~~~<~.~~~~~ ~~~~~.~
♣~~~♣♣♣~§~~.~~~~.~.~~
♣~~~~ ....♣♣~~.b~~~~~
♣♣♣.~ .§


You could see a swamp worm and a fire bat.

Vanquished Creatures
  Kirke (Swamp:1)
  2 azure jellies (IceCv)
  A tengu reaver (D:15)
  Donald (Swamp:1)
  Aizul (Swamp:1)
  4 bunyips
  4 eleionomae
  2 fire dragons (D:15)
  A shambling mangrove (Swamp:3)
  8 hydras
  Harold (Lair:1)
  7 vault guards (D:13)
  2 boulder beetles
  2 centaur warriors
  2 tengu warriors (D:13)
  2 two-headed ogres (D:12)
  9 alligators
  A spriggan berserker (Swamp:3)
  Amaemon (D:8)
  5 skeletal warriors
  2 spriggan druids
  A bog body (Swamp:2)
  4 swamp dragons
  4 deep elf pyromancers
  7 ugly things
  A cyclops (D:14)
  A manticore (D:15)
  3 will-o-the-wisps
  2 ice statues (IceCv)
  2 elephants (Lair:4)
  3 gargoyles
  An orange demon (D:8)
  A torpor snail (Lair:1)
  9 cane toads
  An unseen horror (shapeshifter) (D:14)
  Maggie (D:6)
  3 rime drakes
  11 komodo dragons
  A yaktaur (D:15)
  A tengu conjurer (D:15)
  2 efreet
  A polar bear (Lair:1)
  5 trolls
  3 tyrant leeches
  Grinder (Sewer)
  8 hornets
  28 slime creatures
  A jumping spider (Lair:3)
  A shadow (D:13)
  Sigmund (D:3)
  2 culicivoras (Lair:3)
  6 spriggans
  5 basilisks
  3 water elementals (D:14)
  A fire bat (shapeshifter) (D:13)
  23 yaks
  2 wraiths
  A hog (Swamp:1)
  A steam dragon (D:5)
  6 vampire mosquitoes
  15 swamp worms
  A redback (Lair:3)
  4 acid dragons
  7 water moccasins
  3 swamp drakes (Swamp:3)
  2 sky beasts
  5 orc warriors
  3 black bears
  2 great orb of eyes simulacra (IceCv)
  An ice beast (D:8)
  2 ogres
  3 wolves (Lair:3)
  3 boggarts (D:15)
  3 centaurs (D:13)
  2 slime creature simulacra (IceCv)
  A kobold brigand (D:8)
  A gnoll sergeant (D:9)
  9 bullfrogs
  A necrophage (D:7)
  5 glowing shapeshifter simulacra (IceCv)
  2 scorpions (D:5)
  18 wights
  2 electric eels (Lair:1)
  4 hounds
  4 jellies
  8 orc priests
  5 iguanas
  6 orc wizards
  A shapeshifter simulacrum (IceCv)
  Robin (D:2)
  11 gnolls
  7 adders
  3 shadow imps (Sewer)
  2 white imps
  3 ufetubi (Sewer)
  4 worms
  4 dart slugs
  61 orcs
  13 ball pythons
  21 endoplasms
  6 giant cockroaches
  11 hobgoblins
  3 jackals (D:1)
  5 quokkas
  6 bats
  A frilled lizard (D:3)
  26 goblins
  37 kobolds
  7 rats
572 creatures vanquished.

Vanquished Creatures (collateral kills)
  A tentacled monstrosity (Swamp:2)
  Frances (Swamp:1)
  An orc warlord (Bailey)
  An eleionoma (Swamp:1)
  2 bunyips
  An ice dragon (D:15)
  3 hydras (Swamp:2)
  A boulder beetle (D:15)
  2 alligators
  Urug (D:13)
  4 skeletal warriors
  5 goliath frogs
  3 swamp dragons
  4 bog bodies
  5 deep elf pyromancers
  A cyclops (D:14)
  An oklob plant (D:8)
  4 elephants (Lair:4)
  2 ugly things (D:14)
  An ice statue (IceCv)
  A manticore (D:12)
  A cane toad (Lair:1)
  A gargoyle (D:11)
  2 rime drakes
  A freezing wraith (D:14)
  A komodo dragon (Lair:1)
  A troll (shapeshifter) (D:14)
  2 tyrant leeches
  A bloated husk (Swamp:1)
  A polar bear (Lair:1)
  A troll (D:12)
  Prince Ribbit (D:6)
  A nameless horror (IceCv)
  2 hornets (Swamp:3)
  2 spriggans
  A wyvern (D:10)
  3 slime creatures (IceCv)
  A wraith (D:12)
  11 yaks
  2 basilisks
  A hog (Swamp:1)
  A redback (Lair:3)
  4 swamp worms
  4 water moccasins
  3 orc warriors
  A sky beast (D:7)
  2 black bears
  A wolf (Lair:3)
  A phantom (D:7)
  A slime creature simulacrum (IceCv)
  4 kobold brigands
  2 bullfrogs (D:10)
  2 necrophages
  A glowing shapeshifter simulacrum (IceCv)
  4 wights
  2 howler monkeys (D:7)
  3 orc priests
  An orc wizard (D:5)
  A shapeshifter simulacrum (IceCv)
  A gnoll (D:9)
  An adder (D:6)
  An ufetubus (Sewer)
  16 orcs
  3 goblins
  5 kobolds
147 creatures vanquished.

Vanquished Creatures (others)
  A tengu conjurer (D:15)
  2 humans (Swamp:1)
  26 foxfires
  38 fungi
  45 plants
112 creatures vanquished.

Grand Total: 831 creatures vanquished

Notes
Turn   | Place    | Note
-------+----------+-------------------------------------------
     0 | D:1      | bobo the Human Ice Elementalist began the quest for the
                  | Orb.
     0 | D:1      | Reached XP level 1. HP: 13/13 MP: 3/3
   159 | D:1      | Reached XP level 2. HP: 7/20 MP: 0/5
   528 | D:1      | Reached skill level 1 in Fighting
   701 | D:1      | Reached XP level 3. HP: 26/26 MP: 4/6
   705 | D:1      | Learned a level 3 spell: Ozocubu's Armour
  1039 | D:1      | Learned a level 3 spell: Frozen Ramparts
  1392 | D:2      | Reached XP level 4. HP: 33/33 MP: 0/8
  1539 | D:2      | Reached skill level 2 in Fighting
  1648 | D:2      | Noticed Robin
  1940 | D:2      | Reached XP level 5. HP: 38/38 MP: 5/9
  2166 | D:2      | Reached skill level 5 in Ice Magic
  2167 | D:2      | Killed Robin
  2353 | D:3      | Reached XP level 6. HP: 39/46 MP: 4/11
  2358 | D:3      | Noticed Sigmund
  2516 | D:3      | Killed Sigmund
  2517 | D:3      | Reached skill level 3 in Fighting
  2517 | D:3      | Reached XP level 7. HP: 19/52 MP: 0/13
  2536 | D:3      | Learned a level 4 spell: Summon Ice Beast
  2694 | D:3      | Found a broken altar of Ashenzari.
  2695 | D:3      | Found a basalt altar of Yredelemnul.
  2696 | D:3      | Found a transporter.
  2706 | D:3      | Found a transporter.
  3155 | D:3      | Found a blossoming altar of Fedhas.
  3607 | D:3      | Identified the ring "Nikap" {Ice Int+2}
  3776 | D:4      | Reached skill level 4 in Fighting
  3839 | D:4      | Found an opulent altar of Gozag.
  4439 | D:4      | Reached XP level 8. HP: 25/55 MP: 14/14
  4440 | D:4      | Upgraded the game from 0.30-a0-778-g2ef04afb54 to
                  | 0.30-a0-779-g7971cf19c3
  4605 | D:4      | Reached skill level 1 in Summonings
  4851 | D:5      | Entered Level 5 of the Dungeon
  5120 | D:5      | Reached skill level 5 in Fighting
  5527 | D:6      | Found a staircase to the Ecumenical Temple.
  5555 | Temple   | Entered the Ecumenical Temple
  5620 | Temple   | Became a worshipper of the Shining One
  5674 | D:6      | Noticed Prince Ribbit
  5678 | D:6      | Noticed Maggie
  5693 | D:6      | Reached XP level 9. HP: 38/68 MP: 6/15
  5701 | D:6      | Killed Maggie
  5710 | D:6      | Killed Prince Ribbit
  5711 | D:6      | Reached skill level 6 in Fighting
  5711 | D:6      | Reached skill level 5 in Dodging
  6123 | D:6      | Found a glowing drain.
  6137 | Sewer    | Entered a sewer
  6243 | Sewer    | Reached skill level 1 in Invocations
  6248 | Sewer    | Found an ancient bone altar of Kikubaaqudgha.
  6273 | Sewer    | Noticed Grinder
  6304 | Sewer    | Killed Grinder
  6372 | Sewer    | Reached * piety under the Shining One
  6832 | D:7      | Reached XP level 10. HP: 67/77 MP: 16/16
  7043 | D:7      | Reached skill level 7 in Fighting
  7310 | D:7      | Reached ** piety under the Shining One
  7770 | D:8      | Noticed an oklob plant
  7970 | D:8      | Noticed Amaemon
  7978 | D:8      | Killed Amaemon
  8126 | D:8      | Noticed an orange demon
  8135 | D:8      | Killed an orange demon
  8136 | D:8      | Reached skill level 5 in Invocations
  8439 | D:8      | Reached skill level 8 in Fighting
  8444 | D:8      | Reached XP level 11. HP: 86/86 MP: 12/17
  8669 | D:8      | Killed an oklob plant
  8687 | D:9      | Found Fogrockypn's Distillery.
  8694 | D:9      | Bought 2 potions of curing for 72 gold pieces
  8694 | D:9      | Bought a potion of flight for 36 gold pieces
  8909 | D:9      | Found a flagged portal.
  8915 | D:9      | Found Verouwib's Book Shop.
  8941 | D:9      | Bought a book of Ice for 552 gold pieces
  8947 | D:9      | Learned a level 5 spell: Freezing Cloud
  8952 | D:9      | Got Sif Muna's Compilation of Soot
  8974 | Bailey   | Entered a bailey
  9005 | Bailey   | Noticed an orc warlord
  9068 | Bailey   | Found a runed translucent gate.
  9070 | Bailey   | Found a runed translucent gate.
  9072 | Bailey   | Found a runed translucent gate.
  9180 | Bailey   | Killed an orc warlord
  9181 | Bailey   | Reached skill level 9 in Fighting
  9435 | Bailey   | Identified the +7 halberd "Myahent" {protect, rPois rC+++
                  | Str-3 Dex-3}
  9540 | D:9      | Found a staircase to the Orcish Mines.
  9586 | D:9      | Reached *** piety under the Shining One
  9587 | D:9      | Reached skill level 10 in Ice Magic
  9748 | D:9      | Acquired the +3 Elemental Staff {rElec rF++ rC++ AC+5}
  9748 | D:9      | Found the +3 Elemental Staff {rElec rF++ rC++ AC+5}
  9931 | D:9      | Found a large runed translucent door.
  9931 | D:9      | Found a large runed translucent door.
  9937 | D:9      | Noticed demibob's ghost (novice MiBe)
 10802 | D:10     | Entered Level 10 of the Dungeon
 10914 | D:10     | Reached skill level 1 in Conjurations
 10914 | D:10     | Reached skill level 1 in Evocations
 10915 | D:10     | Reached skill level 1 in Staves
 10915 | D:10     | Reached skill level 1 in Air Magic
 10932 | D:10     | Found a staircase to the Lair.
 11093 | D:10     | Reached XP level 12. HP: 95/95 MP: 15/18
 11116 | D:10     | Reached **** piety under the Shining One
 11890 | Lair:1   | Entered Level 1 of the Lair of Beasts
 11957 | Lair:1   | Upgraded the game from 0.30-a0-779-g7971cf19c3 to
                  | 0.30-a0-799-g109b55a442
 12299 | Lair:1   | Noticed Harold
 12311 | Lair:1   | Killed Harold
 13013 | Lair:2   | Noticed a boulder beetle
 13034 | Lair:2   | Killed a boulder beetle
 13255 | Lair:2   | Reached skill level 10 in Fighting
 13508 | Lair:2   | Noticed an eight-headed hydra
 13515 | Lair:2   | Killed an eight-headed hydra
 13516 | Lair:2   | Reached XP level 13. HP: 103/103 MP: 8/19
 13545 | Lair:2   | Noticed a six-headed hydra
 13553 | Lair:2   | Killed a six-headed hydra
 13698 | Lair:2   | Found a staircase to the Swamp.
 14194 | Lair:2   | Got the Quarto of the Icicle
 14412 | Lair:3   | Reached skill level 5 in Evocations
 14419 | Lair:3   | Reached skill level 10 in Dodging
 14419 | Lair:3   | Reached skill level 5 in Conjurations
 14465 | Lair:3   | Reached skill level 5 in Staves
 14527 | Lair:3   | Reached skill level 5 in Air Magic
 14957 | Lair:3   | Found a hole to the Spider Nest.
 15950 | Lair:4   | Reached ***** piety under the Shining One
 16120 | Lair:4   | Found a staircase to the Slime Pits.
 16121 | Lair:4   | Found a viscous altar of Jiyva.
 16566 | Lair:4   | Learned a level 4 spell: Summon Lightning Spire
 16834 | D:11     | Found a frozen archway.
 16853 | IceCv    | Entered an ice cave
 17051 | IceCv    | Reached skill level 11 in Fighting
 17051 | IceCv    | Reached XP level 14. HP: 97/113 MP: 12/20
 17796 | IceCv    | Reached skill level 5 in Summonings
 17834 | IceCv    | Found a viscous altar of Jiyva.
 17834 | IceCv    | Noticed an azure jelly
 17843 | IceCv    | Killed an azure jelly
 17845 | IceCv    | Noticed an azure jelly
 17866 | IceCv    | Killed an azure jelly
 18032 | IceCv    | Got the ring "Sunan" {Ice Drain Str+3 Int+3}
 18043 | IceCv    | Got Iroim's Guidebook on the Crevasse
 18045 | IceCv    | Got the ring of Muygios {rC+ Str+4 Int-2}
 19889 | D:13     | Noticed Urug
 19898 | D:13     | Killed Urug
 20053 | D:13     | Reached skill level 1 in Shields
 20224 | D:13     | Reached XP level 15. HP: 112/120 MP: 16/21
 21030 | D:13     | Found a gate to the Vaults.
 21606 | D:14     | Reached skill level 12 in Fighting
 22050 | D:14     | Reached ****** piety under the Shining One
 22683 | D:15     | Entered Level 15 of the Dungeon
 23300 | D:15     | Noticed a tengu reaver
 23300 | D:15     | Found the +0 staff of Battle
 23305 | D:15     | Killed a tengu reaver
 23625 | D:15     | Learned a level 2 spell: Blink
 23949 | D:15     | Found a staircase to the Depths.
 24298 | Depths:1 | Entered Level 1 of the Depths
 24298 | Depths:1 | Noticed Asterion
 24492 | Swamp:1  | Entered Level 1 of the Swamp
 24517 | Swamp:1  | Noticed Donald
 24519 | Swamp:1  | Reached skill level 1 in Translocations
 24525 | Swamp:1  | Killed Donald
 24542 | Swamp:1  | Reached XP level 16. HP: 39/129 MP: 1/22
 24805 | Swamp:1  | Reached skill level 5 in Shields
 24836 | Swamp:1  | Noticed Kirke
 24848 | Swamp:1  | Killed Kirke
 24981 | Swamp:1  | Noticed Frances
 24995 | Swamp:1  | Gained mutation: Armour fits poorly on your strangely
                  | shaped body. [a neqoxec]
 24995 | Swamp:1  | Killed Frances
 25211 | Swamp:1  | Noticed Aizul
 25235 | Swamp:1  | Killed Aizul
 25319 | Swamp:1  | Identified Roxanne's Compendium of the Shapeshifter
 25319 | Swamp:1  | Noticed Roxanne
 25968 | Swamp:2  | Reached skill level 5 in Spellcasting
 26200 | Swamp:2  | Noticed a tentacled monstrosity
 26209 | Swamp:2  | Killed a tentacled monstrosity
 26247 | Swamp:2  | Identified the +7 hand axe of the Wary Loafs {vamp, Str+4}
 26280 | Swamp:2  | Reached skill level 13 in Fighting
 26357 | Swamp:2  | Identified the +4 leather armour of the Jolly Artisans
                  | {Contam rElec rN+ Str+3}
 27411 | Swamp:3  | Reached XP level 17. HP: 117/137 MP: 11/25
 27691 | Swamp:3  | Found a blossoming altar of Fedhas.
 28361 | Swamp:3  | Reached skill level 10 in Evocations
 28494 | Swamp:4  | Entered Level 4 of the Swamp
 28679 | Swamp:4  | Killed from afar by a swamp worm

Illustrated notes

Levels and vault maps discovered:
D:1:      psy_arrival_spokes, layout_loops_ring
D:2:      minmay_angry_zag, layout_rooms, shapermc_ecumenical_altar_acropolis,
          kennysheep_generic_room_15, uniq_robin
D:3:      layout_loops_ring, gammafunk_temple_overflow_arena,
          amcnicky_altar_gilded, grunt_decor_fettered, chequers_arboretum,
          nrook_uturn, minmay_increasing_density, uniq_sigmund
D:4:      layout_basic, mainiacjoe_overflow_surrounded_room
D:5:      layout_gridville
D:6:      layout_cave_pools, minmay_temple_entry_statues_fountains,
          cheibrodos_sewer_entry_bend, nrook_mini_backslash,
          uniq_prince_ribbit1, uniq_maggie
D:7:      layout_cave_pods, kennysheep_generic_room_11
D:8:      lemuel_slime, layout_basic, uniq_amaemon
D:9:      layout_loops_corners, hiddenorc2_lemuel, serial_shops, shop, shop,
          enter_bailey_3, ebering_ghost_disaster_area, water_maze_lemuel
D:10:     layout_basic, due_lair_maze_entry_diamond, serial_co_window_serial,
          co_window_paths_a, co_window_corner_a, co_window_paths_b,
          co_window_corner_a, co_window_corner_a, co_window_of_opportunity_b,
          co_window_2corner, co_window_corner_cb, co_window_broadway_b,
          co_window_of_opportunity_b, co_window_corner_b, glass_columns_a
D:11:     layout_long_grid, portal_ice_cave_entry_pillars_2,
          minmay_protected_statue
D:12:     layout_big_octagon
D:13:     layout_layer_cave, erik_vaults_2, serial_park_tiny_2, uniq_urug
D:14:     layout_basic, serial_bayou_lagoon_a, wad_rectangle_vault
D:15:     grunt_enter_depths_hoard, layout_cave_pods, kennysheep_crisscross,
          hellmonk_guarded_unrand_staff_of_battle
Temple:   mainiacjoe_temple_bowtie_tessellation
Lair:1:   layout_chaotic_city, pdpol_lair_cavern_descent, uniq_harold
Lair:2:   layout_big_grid, palyth_hydra_swamp_entry, patterned_corridor
Lair:3:   layout_layer_cave, nicolae_spider_entry_tight_spaces
Lair:4:   layout_long_grid, slime_entry_1, nicolae_quartered_pool_impasse
Swamp:1:  layout_basic_swamp, evilmike_swamp_ruin_house_5, uniq_aizul,
          uniq_roxanne, uniq_kirke, uniq_donald, uniq_frances
Swamp:2:  layout_falls_marsh, nicolae_swamp_ascending_descending_big,
          hangedman_swamp_double_dragon
Swamp:3:  layout_falls_marsh, nicolae_swamp_godswood, swamp_pool2,
          st_swamp_ruins_1
Swamp:4:  swamp_fiery, layout_basic_swamp, nicolae_swamp_bean_lake
Depths:1: layout_long_grid, gammafunk_ghost_cemetery, hell_entry,
          minmay_guarded_unrand_tortoise, uniq_asterion

Skill      XL: |  1  2  3  4  5  6  7  8  9 10 11 12 13 14 15 16 17 |
---------------+----------------------------------------------------+-----
Fighting       | 1 2 3 4 5 6 8 9 10 11 12 13 | 13.3
Spellcasting   | 3 4 5 6 |  6.1
Ice Magic      | 5 6 7 8 9 10 | 10.0
Dodging        | 3 4 5 7 8 9 10 11 | 11.1
Summonings     | 3 4 6 7 |  7.4
Invocations    | 2 5 7 |  7.0
Conjurations   | 1 4 6 |  6.0
Evocations     | 1 4 6 7 8 9 10 | 10.0
Staves         | 1 4 6 7 8 9 |  9.9
Air Magic      | 1 4 6 7 8 9 |  9.9
Shields        | 2 4 6 |  6.8
Translocations | 1 4 |  4.8
Stealth        | |  2.0

Action                     |  1- 3 |  4- 6 |  7- 9 | 10-12 | 13-15 | 16-18 || total
---------------------------+-------+-------+-------+-------+-------+-------++-------
  Melee: Unarmed           |     9 |       |       |       |       |       ||     9
         Dagger            |    24 |    25 |    89 |       |       |       ||   138
         Short sword       |       |    56 |   167 |       |       |       ||   223
         Punch             |       |     1 |     7 |     3 |    11 |       ||    22
         Spear             |       |       |    14 |       |       |       ||    14
         Long sword        |       |       |     4 |   114 |       |       ||   118
         Staff             |       |       |       |   158 |   520 |   166 ||   844
   Cast: Freeze            |    33 |     3 |     1 |     7 |       |       ||    44
         Frozen Ramparts   |     4 |    13 |    35 |    67 |    43 |     2 ||   164
         Ozocubu's Armour  |     2 |     8 |    38 |    67 |    85 |    29 ||   229
         Summon Ice Beast  |       |       |    11 |    35 |    30 |    23 ||    99
         Freezing Cloud    |       |       |       |     7 |    69 |    74 ||   150
         Summon Lightning  |       |       |       |       |    39 |     7 ||    46
         Blink             |       |       |       |       |       |     4 ||     4
 Invoke: Divine Shield     |       |       |       |       |     3 |     1 ||     4
         Summon Divine War |       |       |       |       |       |     1 ||     1
  Evoke: Phial of floods   |       |       |       |       |       |     1 ||     1
    Use: Scroll            |     4 |     7 |     9 |     4 |    10 |       ||    34
         Potion            |       |     1 |       |     3 |     4 |     3 ||    11
   Stab: Sleeping          |     2 |     1 |     1 |       |       |       ||     4
 Armour: Robe              |    11 |    17 |    67 |   136 |   197 |    78 ||   506
  Dodge: Dodged            |    26 |    42 |   165 |   290 |   310 |    91 ||   924
  Block: Other             |       |       |       |       |    11 |       ||    11
         Buckler           |       |       |       |       |    45 |    49 ||    94
         Reflection        |       |       |       |       |     6 |     3 ||     9

Table legend: (Time is in decaauts)
 A = Elapsed time spent in this place.
 B = Non-inter-level travel time spent in this place.
 C = Inter-level travel time spent in this place.
 D = Time resting spent in this place.
 E = Time spent auto-exploring this place.
 F = Levels seen in this place.
 G = Mean time per level.
                   A        B        C        D        E       F      G
               +--------+--------+--------+--------+--------+-----+--------+
         Total |  28950 |  27405 |   1545 |   3289 |  17828 |  28 | 1033.9 |
       Dungeon |  17356 |  16279 |   1077 |   1274 |  11406 |  15 | 1157.1 |
        Temple |    104 |     70 |     34 |      0 |     54 |   1 |  104.0 |
          Lair |   5199 |   4954 |    245 |    447 |   3789 |   4 | 1299.8 |
         Swamp |   4153 |   3965 |    188 |    697 |   2371 |   4 | 1038.2 |
        Depths |      1 |      1 |      0 |      0 |      0 |   1 |    1.0 |
         Sewer |    392 |    392 |      0 |      0 |    207 |   1 |  392.0 |
        Bailey |    480 |    480 |      0 |    214 |      0 |   1 |  480.0 |
      Ice Cave |   1262 |   1262 |      0 |    656 |      0 |   1 | 1262.0 |
               +--------+--------+--------+--------+--------+-----+--------+

Top non-repeatable levels by time:
    D:13: 1766 daAuts
     D:9: 1694 daAuts
    D:15: 1661 daAuts
 Swamp:3: 1649 daAuts
  Lair:2: 1615 daAuts
     D:3: 1450 daAuts
  Lair:3: 1399 daAuts
 Swamp:2: 1273 daAuts
   IceCv: 1262 daAuts
     D:1: 1205 daAuts
    D:14: 1166 daAuts
    D:11: 1130 daAuts
    D:10: 1114 daAuts
     D:2: 1105 daAuts
  Lair:4: 1095 daAuts
